 Dungeon Crawl Stone Soup version 0.30.0-5-g1a98f26d00 (webtiles) character file.

Game seed: 5697312351701759405

244 browni3141 the Firebug (level 6, -6/30 HPs)
             Began as a Vine Stalker Fire Elementalist on May 9, 2023.
             Splashed by a jelly's acid (9 damage)
             ... on level 4 of the Dungeon.
             The game lasted 00:04:18 (2218 turns).

browni3141 the Firebug (VSFE)                       Turns: 2218, Time: 00:04:19

Health: -6/30      AC: -4    Str: 10    XL:     6   Next: 10%
Magic:  0/11       EV: 12    Int: 17    God:
Gold:   84         SH:  0    Dex: 15    Spells: 4/11 levels left

rFire   + . .        u - staff of fire
rCold   . . .        (no shield)
rNeg    + + .        X - +1 leather armour of Jenetar {rPois rN++}
rPois   +            (no helmet)
rElec   .            (no cloak)
rCorr   .            (no gloves)
SInv    .            (no boots)
Will    .....        o - amulet of magic regeneration
Stlth   ++           (no ring)
HPRegen 1.05/turn    (no ring)
MPRegen 0.52/turn

%: guardian spirit
@: corroded
A: fangs 2, regeneration 1, magic shield, antimagic bite, no potion heal 2
a: no special abilities


You were on level 4 of the Dungeon.
You visited 1 branch of the dungeon, and saw 4 of its levels.
You also visited: Sewer.

You collected 84 gold pieces.

Inventory:

Hand Weapons
 s - a +0 heavy hand axe
Missiles
 J - 7 poisoned darts
 T - 3 boomerangs
Armour
 a - a +0 robe
 X - the +1 leather armour of Jenetar (worn) {rPois rN++}
   (You found it on level 4 of the Dungeon)

   rPois:     It protects you from poison.
   rN:        It greatly protects you from negative energy.
Magical Staves
 t - a staff of conjuration
 u - a staff of fire (weapon)
Jewellery
 o - an amulet of magic regeneration (around neck)
 w - a ring of flight
Scrolls
 q - a scroll of enchant armour {unknown}
 r - a scroll of poison {unknown}
 v - 4 scrolls of identify {unknown}
 y - a scroll of summoning {unknown}
 z - a scroll of magic mapping {unknown}
 A - 3 scrolls of teleportation {unknown}
 B - a scroll of vulnerability {unknown}
 U - a scroll of enchant weapon {unknown}
 W - a scroll of amnesia {unknown}
Potions
 m - a potion of magic
 n - 2 potions of curing {unknown}
 p - a potion of brilliance {unknown}
 x - 3 potions of haste {unknown}
 V - 3 potions of resistance {unknown}


   Skills:
 - Level 2.0 Fighting
 - Level 2.0 Dodging
 - Level 3.0 Stealth
 - Level 3.0 Spellcasting
 - Level 3.0 Conjurations
 + Level 4.5 Fire Magic


You had 4 spell levels left.
You knew the following spells:

 Your Spells              Type           Power      Damage    Failure   Level
w - Flame Wave            Conj/Fire      22%        2d8       45%         4
x - Scorch                Fire           52%        2d7       5%          2
z - Foxfire               Conj/Fire      88%        2x1d8     4%          1

Your spell library contained the following spells:

 Spells                   Type           Power      Damage    Failure   Level
 Freeze                   Ice            8%         1d3       24%         1
 Inner Flame              Hex/Fire       15%        N/A       28%         3
 Volatile Blastmotes      Fire/Tloc      30%        2d12      28%         3
 Hailstorm                Conj/Ice       7%         3d4       36%         3
 Frozen Ramparts          Ice            4%         1d1       56%         3


Dungeon Overview and Level Annotations

Branches:
Dungeon (4/15)              Sewer (visited)
 Temple: D:4-7

Altars:
Sif Muna

Shops:
D:1 ?

Annotations:
D:3 3 runed translucent doors, smartparts72's ghost, amateur GnRe


Innate Abilities, Weirdness & Mutations

You have extremely sharp teeth.
Your natural rate of healing is unusually fast.
When hurt, damage is shared between your health and your magic reserves.
Your bite disrupts and absorbs the magic of your enemies.
Potions cannot restore your health.


Message History

There is a stone staircase leading down here.
You see here a +0 leather armour.
The eye of devastation turns its gaze towards you.
You see here a +0 sling.
Key pressed, stopping explore.
A bat comes into view.
A bat is nearby!
A bat is nearby!
A bat is nearby!
A bat is nearby!
The helpless bat fails to defend itself.
You hit the bat.
You kill the bat!
No target in view!
No target in view!
V - 3 bubbling blue potions (gained 1)
You see here a bat corpse.
Found a stone staircase leading up.
There is a stone staircase leading up here.
A frilled lizard comes into view.
A frilled lizard is nearby!
A frilled lizard is nearby!
A frilled lizard is nearby!
The frilled lizard hisses angrily.
You closely miss the frilled lizard. The frilled lizard bites you.
You closely miss the frilled lizard. Your bite misses the frilled lizard.
The frilled lizard closely misses you. The frilled lizard bites you.
You closely miss the frilled lizard.
The frilled lizard bites you but does no damage.
You hit the frilled lizard.
You kill the frilled lizard!
No target in view!
There is a stone staircase leading up here.
You open the gate.
Found a shimmering blue altar of Sif Muna.
There is an open gate here.
There is an open gate here.
You see here a +0 chain mail.
You see here a bat corpse.
Smartparts72's ghost turns its malevolent gaze towards you.
Key pressed, stopping explore.
Could not explore, unopened runed door.
Could not explore, unopened runed door.
Could not explore, unopened runed door.
Press: ? - help, v - describe, . - travel
Here: smartparts72's ghost (fire blocked by a translucent stone wall)
The floor.
Smartparts72's ghost stares at you.
Items here: ( )) [.
Items here: ))) [.
There is a stone staircase leading down here.
You climb downwards.
There is a stone staircase leading up here.
Found a stone staircase leading down.
An endoplasm comes into view.
The endoplasm quivers.
You see here 6 gold pieces.
You now have 84 gold pieces (gained 6).
You hit the endoplasm. You bite the endoplasm.
You kill the endoplasm!
No target in view!
No target in view!
X - the +1 leather armour of Jenetar {rPois rN++}
There are no items here.
You start removing your armour.
You continue taking off your +0 robe. x4
You finish taking off your +0 robe.
You start putting on your armour.
You continue putting on the +1 leather armour of Jenetar {rPois rN++}. x5
You finish putting on the +1 leather armour of Jenetar {rPois rN++}.
A jelly comes into view.
A jelly is nearby!
The helpless jelly fails to defend itself.
You hit the jelly.
Your hands burn!
Your bite misses the jelly.
The jelly is moderately wounded.
The jelly hits you. The acid corrodes you!
You are splashed with acid!
You hit the jelly.
Your hands burn!
Your bite misses the jelly.
The jelly is moderately wounded.
The jelly hits you.
You are splashed with acid!
You are too injured to fight recklessly!
Unknown command.
Casting: Scorch (safe; 5% risk of failure)
Confirm with . or Enter, or press ? or * to list all spells.
You feel a surge of power!
Flames lash the jelly.
The jelly is severely wounded.
The jelly's fire resistance burns away.
The jelly hits you.
You are splashed with acid!
* * * LOW HITPOINT WARNING * * *
Casting: Scorch (safe; 5% risk of failure)
Confirm with . or Enter, or press ? or * to list all spells.
You don't have enough magic to cast this spell.
You aren't carrying any items that you can evoke.
Unknown command.
Okay, then.
Casting: Foxfire (safe; 4% risk of failure)
Press: ? - help, Q - select action, (/) - cycle Dir - look around, f - activate You feel a surge of power!
You conjure some foxfire!
The jelly hits you.
* * * LOW HITPOINT WARNING * * *
The acid corrodes you!
You are splashed with acid!
You die...

.. ##....# .(.
#.....# .... #.....#
....##....## ##
..........#######.#
#.###......##.....##
#..........>.......#
.....##..#........#
....##v@##........#
......v.J#....#...#
.......###.....#.#
..##... #.....# # #
##... ##...##
.....###..#
...........##
#..##........##
..........###


You could see a jelly (combustible, ally target).

Vanquished Creatures
  Pargi (Sewer)
  3 gnolls (D:2)
  4 adders
  2 worms (D:2)
  2 dart slugs (D:2)
  5 orcs (D:3)
  7 ball pythons
  7 bats
  5 endoplasms
  3 giant cockroaches
  6 goblins
  A hobgoblin (D:2)
  4 jackals (D:2)
  6 quokkas
  2 frilled lizards
  7 kobolds
  5 rats
70 creatures vanquished.

Vanquished Creatures (others)
  47 foxfires
47 creatures vanquished.

Grand Total: 117 creatures vanquished

Notes
Turn   | Place    | Note
-------+----------+-------------------------------------------
     0 | D:1      | browni3141 the Vine Stalker Fire Elementalist began the
                  | quest for the Orb.
     0 | D:1      | Reached XP level 1. HP: 9/9 MP: 4/4
   161 | D:1      | Reached XP level 2. HP: 14/14 MP: 6/6
   225 | D:1      | Found Xyosar's Magic Scroll Boutique.
   463 | D:2      | Reached XP level 3. HP: 18/18 MP: 7/7
   466 | D:2      | Learned a level 2 spell: Scorch
   649 | D:2      | Reached skill level 3 in Stealth
   666 | D:2      | Reached skill level 3 in Spellcasting
   666 | D:2      | Gained mutation: Your natural rate of healing is unusually
                  | fast. [Vine Stalker growth]
   666 | D:2      | Reached XP level 4. HP: 23/23 MP: 5/9
   791 | D:2      | Learned a level 4 spell: Flame Wave
  1388 | D:3      | Found a runed translucent gate.
  1388 | D:3      | Found a runed translucent gate.
  1388 | D:3      | Found a runed translucent gate.
  1406 | D:3      | Reached XP level 5. HP: 26/26 MP: 8/10
  1457 | D:3      | Found a glowing drain.
  1468 | Sewer    | Entered a sewer
  1480 | Sewer    | Noticed Pargi
  1488 | Sewer    | Killed Pargi
  1489 | Sewer    | Reached skill level 3 in Conjurations
  1489 | Sewer    | Reached skill level 4 in Fire Magic
  1489 | Sewer    | Reached XP level 6. HP: 30/30 MP: 7/11
  1699 | D:3      | Found a faded altar of an unknown god.
  1699 | D:3      | Noticed an eye of devastation
  1702 | D:3      | Noticed a shining eye
  1702 | D:3      | Noticed an eye of devastation
  1702 | D:3      | Noticed a floating eye
  1897 | D:3      | Noticed smartparts72's ghost (amateur GnRe)
  2046 | D:3      | Found a shimmering blue altar of Sif Muna.
  2195 | D:4      | Identified the +1 leather armour of Jenetar {rPois rN++}
  2218 | D:4      | Splashed by a jelly's acid

Illustrated notes

Levels and vault maps discovered:
D:1:      psy_arrival_fountain, layout_rooms, serial_shops,
          nicolae_shop_pleasant_corner_grove
D:2:      layout_loops_ring, roderic_serpentine_path, minivault_25,
          hangedman_decor_points
D:3:      layout_loops_ring, mainiacjoe_overflow_alcove_4, portal_sewer_entry_f,
          gammafunk_ghost_necromancy, hellmonk_ecumenical_altar_watching_god
D:4:      layout_cave_pools, minmay_temple_entry_poolview,
          minmay_misc_feat_secret_circle

Skill      XL: |  1  2  3  4  5 |
---------------+----------------+-----
Fighting       | 1 2 |  2.0
Dodging        | 2 |  2.0
Stealth        | 3 |  3.0
Spellcasting   | 3 |  3.0
Conjurations   | 2 3 |  3.0
Fire Magic     | 4 |  4.5

Action                     |  1- 3 |  4- 6 || total
---------------------------+-------+-------++-------
  Melee: Unarmed           |     2 |       ||     2
         Bite              |     2 |    29 ||    31
         Staff             |    11 |   130 ||   141
         Punch             |       |     1 ||     1
   Cast: Foxfire           |    26 |     6 ||    32
         Scorch            |     9 |    19 ||    28
   Stab: Sleeping          |       |     9 ||     9
 Armour: Robe              |     7 |    18 ||    25
  Dodge: Dodged            |    20 |   111 ||   131
